 Dungeon Crawl Stone Soup version 0.31-a0-44-g49d609d0da (webtiles) character file.

Game seed: 5699274742785889120

20 pk666 the Firebug (level 2, -2/15 HPs)
             Began as a Deep Elf Fire Elementalist on May 21, 2023.
             Slain by Terence
             ... wielding a +1 short sword of protection
              (4 damage)
             ... on level 2 of the Dungeon.
             The game lasted 00:01:40 (1334 turns).

pk666 the Firebug (Deep Elf Fire Elementalist)      Turns: 1334, Time: 00:01:40

Health: -2/15      AC:  4    Str:  5    XL:     2   Next: 58%
Magic:  1/8        EV: 13    Int: 19    God:
Gold:   51         SH:  0    Dex: 15    Spells: 4/7 levels left

rFire   . . .        e - +0 dagger (venom)
rCold   . . .        (no shield)
rNeg    . . .        a - +0 robe
rPois   .            c - +2 hat
rElec   .            (no cloak)
rCorr   .            (no gloves)
SInv    .            (no boots)
Will    .....        (no amulet)
Stlth   ++           (no ring)
HPRegen 0.22/turn    (no ring)
MPRegen 0.11/turn

%: no passive effects
@: no status effects
A: no striking features
a: no special abilities


You were on level 2 of the Dungeon.
You visited 1 branch of the dungeon, and saw 2 of its levels.

You collected 51 gold pieces.

Inventory:

Hand Weapons
 e - a +0 dagger of venom (weapon)
Armour
 a - a +0 robe (worn)
 c - a +2 hat (worn)
Scrolls
 f - a scroll of enchant weapon {unknown}
 g - 2 scrolls of identify {unknown}
 i - a scroll of teleportation {unknown}
Potions
 b - a potion of magic
 d - a potion of mutation {unknown}
 h - 2 potions of berserk rage {unknown}
 j - a potion of heal wounds {unknown}


   Skills:
 + Level 2.8 Dodging
 - Level 2.4 Stealth
 + Level 3.4 Spellcasting
 + Level 1.6 Conjurations
 + Level 3.5 Fire Magic


You had 4 spell levels left.
You knew the following spells:

 Your Spells              Type           Power      Damage    Failure   Level
a - Foxfire               Conj/Fire      52%        2x1d6     4%          1
b - Scorch                Fire           32%        2d6       4%          2

Your spell library contained the following spells:

 Spells                   Type           Power      Damage    Failure   Level
 Magic Dart               Conj           36%        1d4       8%          1
 Call Imp                 Summ           6%         N/A       22%         2
 Inner Flame              Hex/Fire       10%        N/A       22%         3
 Volatile Blastmotes      Fire/Tloc      20%        2d11      22%         3
 Mephitic Cloud           Conj/Pois/Air  5%         N/A       34%         3
 Flame Wave               Conj/Fire      13%        2d6       43%         4


Dungeon Overview and Level Annotations

Branches:
Dungeon (2/15)

Altars:

Annotations:
D:2 Terence


Message History

Your foxfire dissipates!
Terence misses you.
Terence shouts, "Get ready for death!"
Terence says, "Time to say good-bye..."
Flames lash Terence.
Terence is moderately wounded.
Terence's fire resistance burns away.
Terence hits you with a +1 short sword of protection.
Flames lash Terence.
Terence is heavily wounded.
Terence misses you.
You are out of magic!
Terence attacks as you move away!
Terence hits you with a +1 short sword of protection!
Terence attacks as you move away! Terence barely misses you.
Terence is no longer more vulnerable to fire.
Casting: Scorch (safe; 4% risk of failure)
Confirm with . or Enter, or press ? or * to list all spells.
You don't have enough magic to cast this spell.
Terence attacks as you move away! Terence barely misses you.
Terence shouts, "DIE!!!"
There is a stone staircase leading down here.
Terence attacks as you move away! Terence barely misses you.
Terence attacks as you move away!
Terence hits you with a +1 short sword of protection.
Terence screams, "I'm going to kill you!"
Casting: Scorch (safe; 4% risk of failure)
Confirm with . or Enter, or press ? or * to list all spells.
You conjure some foxfire!
Terence hits you but does no damage.
The foxfire hits Terence but does no damage.
Terence is moderately wounded.
Terence completely misses you.
Your foxfire dissipates!
Terence attacks as you move away!
Terence hits you with a +1 short sword of protection.
* * * LOW HITPOINT WARNING * * *
There is a stone staircase leading down here.
Terence attacks as you move away!
Terence hits you with a +1 short sword of protection.
You die...

...#..# #.......#
##.# ......#
######### #>#
#####.# #.# #.# #.#
#.# #.# #.######
#####.# #......#
#.....#
######.#######.#####
#......@@.#
###########


You could see Terence.

Vanquished Creatures
  4 ball pythons (D:1)
  2 endoplasms (D:1)
  5 goblins
  A hobgoblin (D:1)
  A kobold (D:1)
  2 frilled lizards (D:1)
  3 rats (D:1)
18 creatures vanquished.

Vanquished Creatures (others)
  103 foxfires
103 creatures vanquished.

Grand Total: 121 creatures vanquished

Notes
Turn   | Place    | Note
-------+----------+-------------------------------------------
     0 | D:1      | pk666 the Deep Elf Fire Elementalist began the quest for
                  | the Orb.
     0 | D:1      | Reached XP level 1. HP: 10/10 MP: 6/6
   232 | D:1      | Reached XP level 2. HP: 15/15 MP: 6/8
   235 | D:1      | Learned a level 2 spell: Scorch
   306 | D:1      | Found a faded altar of an unknown god.
  1294 | D:2      | Noticed Terence
  1334 | D:2      | Slain by Terence

Illustrated notes

Levels and vault maps discovered:
D:1:      scummos_arrival_simple_fountains, layout_loops_ring,
          hellmonk_ecumenical_altar_arch_garden, minmay_strange_pillars
D:2:      layout_loops_cross, uniq_natasha, uniq_terence

Action                     || total
---------------------------++-------
   Cast: Foxfire           ||    62
         Scorch            ||     2
 Armour: Robe              ||     2
  Dodge: Dodged            ||     7

Table legend: (Time is in decaauts)
 A = Elapsed time spent in this place.
 B = Non-inter-level travel time spent in this place.
 C = Inter-level travel time spent in this place.
 D = Time resting spent in this place.
 E = Time spent auto-exploring this place.
 F = Levels seen in this place.
 G = Mean time per level.
                   A        B        C        D        E       F      G
               +--------+--------+--------+--------+--------+-----+--------+
         Total |   1333 |   1300 |     33 |      0 |   1100 |   2 |  666.5 |
       Dungeon |   1333 |   1300 |     33 |      0 |   1100 |   2 |  666.5 |
               +--------+--------+--------+--------+--------+-----+--------+

Top non-repeatable levels by time:
     D:1: 1188 daAuts
     D:2: 144 daAuts
